 Dungeon Crawl Stone Soup version 0.29.0-4-gdea44cf6ec (webtiles) character file.

Game seed: 15446152553271020869

7483 qw the Grappler (level 10, 0/96 HPs)
             Began as a Troll Cinder Acolyte on Sept 1, 2022.
             Was a Believer of Ignis.
             Slain by a death yak (18 damage)
             ... on level 9 of the Dungeon.
             The game lasted 00:03:41 (7191 turns).

qw the Grappler (Troll Cinder Acolyte)              Turns: 7191, Time: 00:03:42

Health: 0/96       AC: 17    Str: 28    XL:     10   Next: 94%
Magic:  10/10      EV:  8    Int: 10    God:    Ignis [**....]
Gold:   578        SH:  9    Dex:  5    Spells: 11/11 levels left

rFire   + . .      SeeInvis +     - Unarmed
rCold   + . .      Faith    .   a - +0 kite shield
rNeg    . . .      Spirit   .   k - +2 robe {rC+}
rPois   .          Reflect  .   (helmet restricted)
rElec   .          Harm     .   (no cloak)
rCorr   .          Rampage  .   (gloves unavailable)
Will    .....                   (boots unavailable)
Stlth   +.........              (no amulet)
HPRegen 1.06/turn               e - ring of see invisible
MPRegen 0.12/turn               n - +4 ring of protection

@: about to teleport, fiery-armoured
A: large, unfitting armour, claws 3, regeneration 1, shaggy fur 1, tough skin 1
a: Renounce Religion, Fiery Armour, Foxfire Swarm, Rising Flame


You were on level 9 of the Dungeon.
You worshipped Ignis.
Ignis was pleased with you.
You visited 1 branch of the dungeon, and saw 9 of its levels.

You collected 578 gold pieces.


Innate Abilities, Weirdness & Mutations

You are too large for most types of armour.
You have claws for hands.
Your natural rate of healing is unusually fast.
You are covered in fur. (AC +1)
You have tough skin. (AC +1)


   Skills:
 - Level 5.0 Fighting
 - Level 3.1 Throwing
 - Level 1.6 Dodging
 - Level 9.1 Shields
 + Level 12.2 Unarmed Combat
 - Level 1.0 Spellcasting
 - Level 2.1 Fire Magic


You had 11 spell levels left.
You didn't know any spells.
Your spell library contained the following spells:

 Spells                   Type           Power      Damage    Failure   Level
 Scorch                   Fire           8%         2d5       38%         2

Inventory:

Armour
 a - a +0 kite shield (worn)
 k - a +2 robe of cold resistance (worn)
 o - +0 steam dragon scales
 q - a +2 robe of willpower
Jewellery
 e - a ring of see invisible (left claw)
 n - a +4 ring of protection (right claw)
 Y - a ring of protection from cold
Scrolls
 b - 6 scrolls of enchant armour
 d - a scroll of enchant weapon
 h - 4 scrolls of identify
 j - 5 scrolls of teleportation
Potions
 f - a potion of haste
 g - a potion of resistance
 i - 3 potions of might
 l - 2 potions of curing
 m - a potion of mutation

Dungeon Overview and Level Annotations

Branches:
Dungeon (9/15)             Temple (0/1) D:5            Lair (0/5) D:9
    Orc: D:9-12

Altars:
Cheibriados
Fedhas
Gozag
Nemelex Xobeh
Okawaru
Qazlal
Vehumet
Wu Jian
Xom
The Shining One

Annotations:
D:4 1 runed translucent door, Crazy Yiuf


Message History

Your Fighting skill increases to level 5!
You scratch the death yak.
The death yak is lightly wounded.
The death yak gores you but does no damage.
The death yak is burned by your cloak of flames.
The death yak is lightly wounded.
The yak closely misses you.
You barely miss the death yak.
The death yak is lightly wounded.
You block the yak's attack. The death yak gores you!
The death yak is burned by your cloak of flames.
The death yak is lightly wounded.
You scratch the death yak but do no damage.
The death yak is lightly wounded.
The yak gores you but does no damage.
The yak is burned by your cloak of flames.
The yak is lightly wounded.
The death yak gores you!
The death yak is burned by your cloak of flames.
The death yak is moderately wounded.
You block the death yak's attack.
You scratch the death yak but do no damage.
The death yak is moderately wounded.
You block the death yak's attack. The yak gores you.
The yak is burned by your cloak of flames.
The yak is moderately wounded.
The death yak gores you!
You scratch the death yak but do no damage.
The death yak is moderately wounded.
You barely miss the death yak.
The death yak is moderately wounded.
You block the yak's attack. The death yak gores you!!
The death yak gores you but does no damage.
The death yak is burned by your cloak of flames.
The death yak is lightly wounded.
7191 ||| READING 6 scrolls of teleportation.
As you read the scroll of teleportation, it crumbles to dust.
You feel strangely unstable. You block the yak's attack.
The death yak gores you!!
You die...

#. ##. ##.. ##.. ##.. #...
##... #>.# ##...# #..#
#####....# #..# .#
.........# #### #..# #.#
).#......###@.###).# ..#
......)..).........#######..
..o............#### ###
......(###....## ..(/...
.....#


You could see 2 death yaks and a yak.

Vanquished Creatures
  A hydra (D:8)
  Erica (D:8)
  3 death yaks
  A two-headed ogre (D:8)
  Maggie (D:6)
  A hornet (D:6)
  Sigmund (D:2)
  A shadow (D:9)
  5 yaks
  Grum (D:8)
  Edmund (D:6)
  A black bear (D:5)
  An ice beast (D:7)
  2 ogres
  2 wolves (D:8)
  Blork the orc (D:4)
  A bullfrog (D:6)
  2 gnoll sergeants (D:6)
  A scorpion (D:6)
  3 wights (D:7)
  A vampire bat (D:3)
  8 crimson imps (D:7)
  A howler monkey (D:9)
  6 hounds
  A lava snake (D:7)
  5 orc priests
  2 gnoll boudas (D:5)
  Jessica (D:2)
  2 iguanas (D:6)
  6 orc wizards
  11 gnolls
  8 adders
  A shadow imp (D:7)
  4 white imps
  3 worms
  3 dart slugs
  22 orcs
  5 ball pythons
  15 bats
  8 endoplasms
  A giant cockroach (D:1)
  7 goblins
  2 hobgoblins (D:2)
  3 jackals (D:3)
  4 quokkas
  A frilled lizard (D:1)
  6 kobolds
  4 rats
172 creatures vanquished.

Vanquished Creatures (others)
  5 fungi (D:5)
  4 toadstools (D:5)
9 creatures vanquished.

Grand Total: 181 creatures vanquished

Notes
Turn   | Place    | Note
-------+----------+-------------------------------------------
     0 | D:1      | qw the Troll Cinder Acolyte began the quest for the Orb.
     0 | D:1      | Reached XP level 1. HP: 22/22 MP: 1/1
     0 | D:1      | 0 ||| qw: Version: 0.1-a-97-g2dd2ca4
     0 | D:1      | 0 ||| qw: Game counter: 4859
     0 | D:1      | 0 ||| qw: Always use a shield: true
     0 | D:1      | 0 ||| qw: God list: Okawaru
     0 | D:1      | 0 ||| qw: Allow faded altars: false
     0 | D:1      | 0 ||| qw: Do Orc after D:15 true
     0 | D:1      | 0 ||| qw: Do second Lair branch before Depths: true
     0 | D:1      | 0 ||| qw: Lair rune preference: random
     0 | D:1      | 0 ||| qw: Plans: Normal
     0 | D:1      | 0 ||| PLANNING D:1-11
   168 | D:1      | Found a faded altar of an unknown god.
   225 | D:1      | Reached XP level 2. HP: 29/29 MP: 2/2
   576 | D:1      | 576 ||| Stepping ~*~*~tactically~*~*~ (hiding).
   578 | D:1      | 578 ||| Stepping ~*~*~tactically~*~*~ (hiding).
   897 | D:1      | 897 ||| READING scroll labelled QUGOFR VETY.
   898 | D:1      | 898 ||| READING 2 scrolls labelled LUDUNU JEBOAW.
   899 | D:1      | 899 ||| READING scroll labelled VIAGUDI OSEA.
   900 | D:1      | 900 ||| READING 3 scrolls labelled XAGENT PAMEIPT.
   901 | D:1      | 901 ||| READING scroll labelled KYJIDW WOUMO.
   902 | D:1      | 902 ||| DRINKING 2 ruby potions.
   903 | D:1      | 903 ||| DRINKING 2 fuming cyan potions.
   904 | D:1      | 904 ||| DRINKING 2 metallic white potions.
   905 | D:1      | 905 ||| DROPPING potion of attraction.
   929 | D:2      | Noticed Jessica
   933 | D:2      | Killed Jessica
   934 | D:2      | Reached skill level 4 in Unarmed Combat
   934 | D:2      | Reached XP level 3. HP: 35/36 MP: 3/3
   972 | D:2      | 972 ||| Stepping ~*~*~tactically~*~*~ (stealth).
  1145 | D:2      | Reached XP level 4. HP: 44/44 MP: 4/4
  1219 | D:2      | Noticed Sigmund
  1220 | D:2      | 1220 ||| Stepping ~*~*~tactically~*~*~ (hiding).
  1234 | D:2      | Killed Sigmund
  1235 | D:2      | Reached skill level 6 in Unarmed Combat
  1235 | D:2      | Reached XP level 5. HP: 35/50 MP: 5/5
  1784 | D:2      | 1784 ||| DROPPING amulet of magic regeneration.
  1785 | D:2      | 1785 ||| UPGRADING to ring of see invisible.
  1786 | D:2      | 1786 ||| READING scroll labelled TYDGHI TAOSEMO.
  1787 | D:2      | 1787 ||| READING 2 scrolls labelled NUNESI DOBOSEM.
  1812 | D:2      | 1812 ||| READING scroll labelled JYCVUPN XAIFICW.
  1816 | D:2      | 1816 ||| DROPPING scroll of torment.
  1863 | D:3      | Reached XP level 6. HP: 58/59 MP: 6/6
  1880 | D:3      | Reached skill level 7 in Unarmed Combat
  1919 | D:3      | 1919 ||| Stepping ~*~*~tactically~*~*~ (outnumbered).
  1980 | D:3      | Found a stormy altar of Qazlal.
  2103 | D:3      | 2103 ||| Stepping ~*~*~tactically~*~*~ (hiding).
  2317 | D:3      | 2317 ||| Stepping ~*~*~tactically~*~*~ (outnumbered).
  2423 | D:3      | 2423 ||| READING scroll labelled XAZIKLOTETH.
  2423 | D:3      | Identified a scroll of acquirement
  2423 | D:3      | 2423 ||| ACQUIRING ring of protection from cold
  2423 | D:3      | Acquired a ring of protection from cold
  2425 | D:3      | 2425 ||| UPGRADING to ring of protection from cold.
  2426 | D:3      | 2426 ||| READING scroll labelled TEUJ BOIRIMU.
  2427 | D:3      | 2427 ||| READING scroll labelled PAELIO SIMMAHY.
  2428 | D:3      | 2428 ||| READING 2 scrolls of identify.
  2428 | D:3      | 2428 ||| IDENTIFYING dark potion
  2429 | D:3      | 2429 ||| DROPPING potion of flight.
  2487 | D:4      | 2487 ||| Stepping ~*~*~tactically~*~*~ (stealth).
  2678 | D:4      | Found a runed translucent door.
  2679 | D:4      | Noticed Crazy Yiuf
  2750 | D:4      | Noticed Blork the orc
  2752 | D:4      | 2752 ||| DRINKING potion of curing.
  2752 | D:4      | 2752 ||| (to cure confusion)
  2757 | D:4      | Killed Blork the orc
  2758 | D:4      | Reached skill level 8 in Unarmed Combat
  2795 | D:4      | Found a shimmering altar of Xom.
  2798 | D:4      | Found a radiant altar of Vehumet.
  2817 | D:4      | Reached XP level 7. HP: 66/66 MP: 7/7
  3094 | D:4      | Found a blossoming altar of Fedhas.
  3124 | D:4      | 3124 ||| READING scroll labelled TACELA DIATUO.
  3125 | D:4      | 3125 ||| READING 4 scrolls of identify.
  3125 | D:4      | 3125 ||| IDENTIFYING purple potion
  3126 | D:4      | 3126 ||| READING 3 scrolls of identify.
  3126 | D:4      | 3126 ||| IDENTIFYING white potion
  3127 | D:4      | 3127 ||| READING 2 scrolls of identify.
  3127 | D:4      | 3127 ||| IDENTIFYING fuming golden potion
  3166 | D:5      | Entered Level 5 of the Dungeon
  3173 | D:5      | 3173 ||| Stepping ~*~*~tactically~*~*~ (outnumbered).
  3174 | D:5      | 3174 ||| INVOKING Fiery Armour.
  3175 | D:5      | 3175 ||| Stepping ~*~*~tactically~*~*~ (outnumbered).
  3175 | D:5      | HP: 16/66 [gnoll bouda/+0 whip (6)]
  3177 | D:5      | 3177 ||| Stepping ~*~*~tactically~*~*~ (outnumbered).
  3178 | D:5      | 3178 ||| READING scroll of teleportation.
  3179 | D:5      | 3179 ||| Stepping ~*~*~tactically~*~*~ (outnumbered).
  3180 | D:5      | HP: 3/66 [gnoll/+0 flail[a gnoll bouda] (9)]
  3181 | D:5      | Reached skill level 3 in Fighting
  3620 | D:5      | 3620 ||| Stepping ~*~*~tactically~*~*~ (stealth).
  3621 | D:5      | 3621 ||| Stepping ~*~*~tactically~*~*~ (stealth).
  3658 | D:5      | 3658 ||| INVOKING Fiery Armour.
  3665 | D:5      | 3665 ||| Stepping ~*~*~tactically~*~*~ (outnumbered).
  3667 | D:5      | 3667 ||| Stepping ~*~*~tactically~*~*~ (outnumbered).
  3668 | D:5      | 3668 ||| Stepping ~*~*~tactically~*~*~ (outnumbered).
  3669 | D:5      | 3669 ||| Stepping ~*~*~tactically~*~*~ (outnumbered).
  3671 | D:5      | Reached skill level 9 in Unarmed Combat
  3676 | D:5      | Reached skill level 1 in Dodging
  3720 | D:5      | Reached XP level 8. HP: 24/75 MP: 8/8
  3820 | D:5      | 3820 ||| Stepping ~*~*~tactically~*~*~ (hiding).
  3834 | D:5      | Found a staircase to the Ecumenical Temple.
  3973 | D:5      | Found an iron altar of Okawaru.
  3974 | D:5      | Found a glowing golden altar of the Shining One.
  3975 | D:5      | Found a sparkling altar of Nemelex Xobeh.
  3976 | D:5      | Found a snail-covered altar of Cheibriados.
  4130 | D:5      | 4130 ||| UPGRADING to +2 robe of cold resistance.
  4140 | D:5      | 4140 ||| DROPPING +0 robe.
  4456 | D:5      | 4456 ||| READING 5 scrolls of teleportation.
  4457 | D:5      | 4457 ||| STAIRDANCE
  4575 | D:6      | 4575 ||| INVOKING Fiery Armour.
  4625 | D:6      | 4625 ||| UPGRADING to +0 kite shield.
  4630 | D:6      | 4630 ||| READING 2 scrolls of identify.
  4630 | D:6      | 4630 ||| IDENTIFYING lumpy silvery potion
  4631 | D:6      | 4631 ||| DROPPING potion of degeneration.
  4709 | D:6      | Noticed Edmund
  4710 | D:6      | Reached skill level 1 in Shields
  4720 | D:6      | Killed Edmund
  4729 | D:6      | Reached skill level 3 in Shields
  4761 | D:6      | Noticed a hornet
  4768 | D:6      | 4768 ||| INVOKING Fiery Armour.
  4770 | D:6      | Killed a hornet
  4860 | D:6      | 4860 ||| Stepping ~*~*~tactically~*~*~ (hiding).
  4862 | D:6      | 4862 ||| Stepping ~*~*~tactically~*~*~ (hiding).
  5102 | D:6      | Noticed Maggie
  5103 | D:6      | 5103 ||| Stepping ~*~*~tactically~*~*~ (stealth).
  5105 | D:6      | 5105 ||| Stepping ~*~*~tactically~*~*~ (stealth).
  5117 | D:6      | Killed Maggie
  5118 | D:6      | Reached XP level 9. HP: 61/81 MP: 9/9
  5175 | D:6      | 5175 ||| Stepping ~*~*~tactically~*~*~ (stealth).
  5187 | D:6      | Reached skill level 6 in Shields
  5322 | D:6      | Found an ornate altar of the Wu Jian Council.
  5356 | D:6      | 5356 ||| DRINKING 3 coppery potions.
  5357 | D:6      | 5357 ||| DROPPING 2 potions of brilliance.
  5377 | D:7      | 5377 ||| FLEEEEING.
  5382 | D:7      | 5382 ||| FLEEEEING.
  5383 | D:7      | 5383 ||| FLEEEEING.
  5649 | D:7      | 5649 ||| INVOKING Fiery Armour.
  5653 | D:7      | 5653 ||| Stepping ~*~*~tactically~*~*~ (outnumbered).
  5654 | D:7      | 5654 ||| Stepping ~*~*~tactically~*~*~ (outnumbered).
  5657 | D:7      | 5657 ||| Stepping ~*~*~tactically~*~*~ (outnumbered).
  5674 | D:7      | Reached skill level 1 in Throwing
  5738 | D:7      | Found an opulent altar of Gozag.
  5742 | D:7      | Reached skill level 3 in Throwing
  5779 | D:7      | 5779 ||| Stepping ~*~*~tactically~*~*~ (stealth).
  5816 | D:7      | 5816 ||| Stepping ~*~*~tactically~*~*~ (hiding).
  5824 | D:7      | Found a flagged portal.
  5827 | D:7      | 5827 ||| Stepping ~*~*~tactically~*~*~ (stealth).
  5960 | D:7      | 5960 ||| READING scroll labelled XUEXKAE UDGHIE.
  5961 | D:7      | 5961 ||| DRINKING 2 orange potions.
  6015 | D:8      | Noticed Erica
  6016 | D:8      | 6016 ||| INVOKING Fiery Armour.
  6026 | D:8      | Killed Erica
  6052 | D:8      | 6052 ||| Stepping ~*~*~tactically~*~*~ (outnumbered).
  6053 | D:8      | 6053 ||| Stepping ~*~*~tactically~*~*~ (outnumbered).
  6054 | D:8      | 6054 ||| Stepping ~*~*~tactically~*~*~ (outnumbered).
  6055 | D:8      | 6055 ||| Stepping ~*~*~tactically~*~*~ (outnumbered).
  6056 | D:8      | 6056 ||| Stepping ~*~*~tactically~*~*~ (outnumbered).
  6059 | D:8      | 6059 ||| Stepping ~*~*~tactically~*~*~ (outnumbered).
  6060 | D:8      | 6060 ||| Stepping ~*~*~tactically~*~*~ (outnumbered).
  6061 | D:8      | 6061 ||| STAIRDANCE
  6063 | D:7      | 6063 ||| Stepping ~*~*~tactically~*~*~ (outnumbered).
  6064 | D:7      | 6064 ||| Stepping ~*~*~tactically~*~*~ (outnumbered).
  6065 | D:7      | 6065 ||| Stepping ~*~*~tactically~*~*~ (outnumbered).
  6066 | D:7      | 6066 ||| Stepping ~*~*~tactically~*~*~ (outnumbered).
  6067 | D:7      | 6067 ||| Stepping ~*~*~tactically~*~*~ (outnumbered).
  6068 | D:7      | Reached skill level 10 in Unarmed Combat
  6109 | D:7      | 6109 ||| UPGRADING to +2 robe of willpower.
  6134 | D:8      | Reached XP level 10. HP: 90/92 MP: 10/10
  6236 | D:8      | Noticed a seven-headed hydra
  6237 | D:8      | 6237 ||| INVOKING Fiery Armour.
  6242 | D:8      | HP: 23/92 [ten-headed hydra (12)]
  6242 | D:8      | Killed a ten-headed hydra
  6328 | D:8      | Noticed a two-headed ogre
  6338 | D:8      | 6338 ||| INVOKING Fiery Armour.
  6340 | D:8      | HP: 22/94 [two-headed ogre/+0 giant club (8)]
  6341 | D:8      | 6341 ||| READING 8 scrolls of teleportation.
  6342 | D:8      | 6342 ||| DRINKING potion of heal wounds.
  6344 | D:8      | Killed a two-headed ogre
  6424 | D:8      | Noticed Grum
  6436 | D:8      | Killed Grum
  6437 | D:8      | Reached skill level 11 in Unarmed Combat
  6599 | D:8      | Identified the +6 falchion of Zuergh {elec, rCorr}
  6826 | D:8      | 6826 ||| UPGRADING to +4 ring of protection.
  6828 | D:8      | 6828 ||| UPGRADING to +2 robe of cold resistance.
  6947 | D:9      | Noticed a death yak
  6948 | D:9      | 6948 ||| INVOKING Fiery Armour.
  6950 | D:9      | Noticed a death yak
  6950 | D:9      | Noticed a death yak
  6951 | D:9      | Noticed a death yak
  6954 | D:9      | Noticed a death yak
  6956 | D:9      | 6956 ||| Stepping ~*~*~tactically~*~*~ (outnumbered).
  6960 | D:9      | 6960 ||| Stepping ~*~*~tactically~*~*~ (outnumbered).
  6961 | D:9      | 6961 ||| Stepping ~*~*~tactically~*~*~ (outnumbered).
  6962 | D:9      | 6962 ||| Stepping ~*~*~tactically~*~*~ (outnumbered).
  6963 | D:9      | Killed a death yak
  6964 | D:9      | Reached skill level 9 in Shields
  6966 | D:9      | HP: 21/94 [orc priest/divine providence (10)]
  6967 | D:9      | 6967 ||| READING 9 scrolls of teleportation.
  6971 | D:9      | 6971 ||| Stepping ~*~*~tactically~*~*~ (hiding).
  6972 | D:9      | 6972 ||| READING 8 scrolls of teleportation.
  6974 | D:9      | 6974 ||| Stepping ~*~*~tactically~*~*~ (hiding).
  6975 | D:9      | HP: 11/94 [orc priest/divine providence (11)]
  6976 | D:9      | 6976 ||| READING 7 scrolls of teleportation.
  6978 | D:9      | HP: 5/94 [orc priest/divine providence (9)]
  6979 | D:9      | Found a staircase to the Lair.
  6980 | D:9      | 6980 ||| STAIRDANCE
  7065 | D:9      | 7065 ||| STAIRDANCE
  7073 | D:9      | 7073 ||| STAIRDANCE
  7085 | D:9      | 7085 ||| STAIRDANCE
  7087 | D:8      | 7087 ||| DRINKING 3 potions of curing.
  7087 | D:8      | 7087 ||| (to cure confusion)
  7088 | D:8      | 7088 ||| INVOKING Fiery Armour.
  7098 | D:8      | Killed a death yak
  7124 | D:9      | 7124 ||| STAIRDANCE
  7137 | D:9      | 7137 ||| FLEEEEING.
  7142 | D:9      | 7142 ||| Stepping ~*~*~tactically~*~*~ (outnumbered).
  7143 | D:9      | 7143 ||| Stepping ~*~*~tactically~*~*~ (outnumbered).
  7144 | D:9      | 7144 ||| STAIRDANCE
  7152 | D:8      | Killed a death yak
  7153 | D:8      | Reached skill level 12 in Unarmed Combat
  7180 | D:9      | 7180 ||| Stepping ~*~*~tactically~*~*~ (outnumbered).
  7181 | D:9      | 7181 ||| Stepping ~*~*~tactically~*~*~ (outnumbered).
  7190 | D:9      | HP: 17/96 [death yak (20)]
  7191 | D:9      | 7191 ||| READING 6 scrolls of teleportation.
  7191 | D:9      | Slain by a death yak

Levels and vault maps discovered:
D:1:      minmay_arrival_checkered_box, layout_loops_corners,
          basic_ecumenical_altar
D:2:      layout_basic, uniq_sigmund, uniq_jessica
D:3:      layout_rooms, grunt_qazlal_sundering, roderic_batcave, moated_statue
D:4:      layout_loops_ring, lemuel_coloured_pillars_altar,
          nicolae_overflow_squiral, corexii_leaking_fountain,
          uniq_crazy_yiuf_cottage, uniq_blork_the_orc
D:5:      layout_basic, mainiacjoe_overflow_alcove_3, minmay_temple_entry_glass,
          minmay_gold_behind_fungi
D:6:      layout_basic, nicolae_wu_jian_immortal_techniques, minivault_11,
          nicolae_fountain_basement, uniq_edmund, uniq_maggie
D:7:      layout_rooms, mainiacjoe_overflow_six_doors_small, enter_bailey_5,
          nicolae_zen_rock_garden, nicolae_kite_square_tiling_tiny,
          minmay_nine_imps
D:8:      layout_gridville, uniq_grum, uniq_erica
D:9:      layout_layer_cave, dpeg_lair_monsters, erik_orc_4, uniq_prince_ribbit1

Skill      XL: |  1  2  3  4  5  6  7  8  9 10 |
---------------+-------------------------------+-----
Unarmed Combat | 4 6 8 9 10 12 | 12.2
Fighting       | 3 5 |  5.0
Dodging        | 1 |  1.6
Shields        | 5 8 9 |  9.1
Throwing       | 3 |  3.1
Spellcasting   | |  1.0
Fire Magic     | |  2.1

Action                   |  1- 3 |  4- 6 |  7- 9 | 10-12 || total
-------------------------+-------+-------+-------+-------++-------
Melee: Unarmed           |    59 |   103 |   246 |    85 ||   493
       Punch             |     1 |     7 |     2 |       ||    10
Throw: Large rock        |       |       |     7 |     6 ||    13
Invok: Fiery Armour      |       |       |     6 |     4 ||    10
  Use: Scroll            |     5 |     7 |     8 |     5 ||    25
       Potion            |     3 |     1 |     2 |     2 ||     8
Armor: Robe              |    14 |    36 |    72 |    36 ||   158
Dodge: Dodged            |    27 |    39 |    76 |    28 ||   170
Block: Kite shield       |       |       |    42 |    50 ||    92

Table legend:
 A = Non-vault XP
 B = Vault XP
 C = Vault XP percentage of total XP
 D = Non-vault monster count
 E = Vault monster count
 F = Vault count percentage of total count
                 A         B        C        D         E       F
            +---------+---------+-------+---------+---------+-------
      Total |    5282 |    5409 |  50.6 |     136 |      36 |  20.9
            +---------+---------+-------+---------+---------+-------
        D:1 |      28 |       0 |   0.0 |      18 |       0 |   0.0
        D:2 |      72 |     260 |  78.3 |      20 |       2 |   9.1
        D:3 |     108 |      65 |  37.6 |      15 |       7 |  31.8
        D:4 |     169 |      96 |  36.2 |      12 |       1 |   7.7
        D:5 |     692 |       0 |   0.0 |      28 |       0 |   0.0
        D:6 |     741 |     686 |  48.1 |      15 |       4 |  21.1
        D:7 |     986 |     406 |  29.2 |      13 |      13 |  50.0
        D:8 |    2133 |    2880 |  57.5 |       8 |       7 |  46.7
        D:9 |     353 |    1016 |  74.2 |       7 |       2 |  22.2
            +---------+---------+-------+---------+---------+-------
